 Dungeon Crawl Stone Soup version 0.28-a0-1594-ga885d4b3d6 (webtiles) character file.

Game seed: 5208592785739049501

574 kae the Ruffian (level 7, -2/56 HPs)
             Began as a Purple Draconian Transmuter on Jan 20, 2022.
             Slain by a jelly (3 damage)
             ... on level 5 of the Dungeon.
             The game lasted 00:04:26 (5782 turns).

kae the Ruffian (Purple Draconian Transmuter)       Turns: 5782, Time: 00:04:27

Health: -2/56      AC: -6    Str: 12    XL:     7   Next: 12%
Magic:  12/12      EV: 12    Int: 16    God:
Gold:   193        SH:  0    Dex: 11    Spells: 5/13 levels left

rFire   . . .      SeeInvis .     - Unarmed
rCold   . . .      Faith    .   (no shield)
rNeg    . . .      Spirit   .   (armour unavailable)
rPois   .          Reflect  .   (helmet currently unavailable)
rElec   .          Harm     .   (no cloak)
rCorr   .          Rampage  .   (no gloves)
Will    +....                   (boots currently unavailable)
Stlth   +.........              g - amulet of magic regeneration
HPRegen 0.18/turn               (no ring)
MPRegen 0.53/turn               (no ring)

@: appendages, corroded
A: horns 2, talons 2, breathe power, AC +6, unfitting armour, cold-blooded
a: Breathe Dispelling Energy, End Transformation


You were on level 5 of the Dungeon.
You had temporarily grown beastly horns and talons.
You visited 1 branch of the dungeon, and saw 5 of its levels.
You also visited: Sewer.

You collected 193 gold pieces.

Inventory:

Jewellery
 g - an amulet of magic regeneration (around neck)
Wands
 d - a wand of polymorph (6)
Scrolls
 k - 2 scrolls of blinking
Potions
 a - 4 potions of curing
 b - 2 potions of flight
 c - a potion of heal wounds
 e - a potion of might {unknown}
 f - 2 potions of degeneration {unknown}
 h - 3 potions of haste {unknown}
 i - a potion of cancellation {unknown}
 j - 2 potions of invisibility {unknown}


   Skills:
 + Level 2.6 Fighting
 + Level 2.8 Dodging
 * Level 4.7 Unarmed Combat
 + Level 3.6 Spellcasting
 * Level 4.1 Transmutations
 * Level 2.2 Ice Magic
 - Level 2.0 Poison Magic


You had 5 spell levels left.
You knew the following spells:

 Your Spells              Type           Power      Damage    Failure   Level
a - Beastly Appendage     Tmut           32%        N/A       3%          1
b - Spider Form           Tmut/Pois      12%        N/A       16%         3
c - Ice Form              Ice/Tmut       13%        N/A       43%         4

Your spell library contained the following spells:

 Spells                   Type           Power      Damage    Failure   Level
 Wereblood                Tmut           16%        N/A       4%          2
 Freeze                   Ice            40%        1d6       7%          1
 Magic Dart               Conj           8%         1d3       19%         1
 Frozen Ramparts          Ice            20%        1d4       22%         3
 Ozocubu's Armour         Ice            10%        N/A       22%         3
 Call Imp                 Summ           2%         N/A       26%         2
 Mephitic Cloud           Conj/Pois/Air  5%         N/A       38%         3
 Hailstorm                Conj/Ice       6%         3d4       73%         4
 Ozocubu's Refrigeration  Ice            5%         4d6       100%        7


Dungeon Overview and Level Annotations

Branches:
Dungeon (5/15)              Sewer (visited)
 Temple: D:4-7

Altars:
Dithmenos
Fedhas
Gozag
Uskayaw
Vehumet
The Shining One

Shops:
D:3 [


Innate Abilities, Weirdness & Mutations

You have temporarily grown beastly horns and talons.
You can breathe bolts of dispelling energy.
Your rich purple scales are hard. (AC +6)
You cannot fit into any form of body armour.
You are cold-blooded and may be slowed by cold attacks.


Message History

You see here 3 poisoned darts.
A jelly comes into view.
A jelly is nearby!
The jelly hits you. The acid corrodes you!
You are splashed with acid!
You hit the jelly. The acid corrodes you!
Your hands burn!
The jelly is lightly wounded.
Casting: Beastly Appendage (safe; 3% risk of failure)
Confirm with . or Enter, or press ? or * to list all spells.
You grow a pair of large bovine horns.
Your feet morph into talons.
The jelly hits you. The acid corrodes you!
You are splashed with acid!
The jelly barely misses you.
You are too injured to fight recklessly!
You are too injured to fight recklessly!
A jelly is nearby!
You are too injured to fight recklessly!
You are too injured to fight recklessly!
A jelly is nearby!
You are too injured to fight recklessly!
You are too injured to fight recklessly!
You hit the jelly but do no damage.
Your hands burn!
You claw the jelly.
You headbutt the jelly, but do no damage.
You tail-slap the jelly, but do no damage.
The jelly is moderately wounded.
The jelly hits you.
You are splashed with acid!
You hit the jelly but do no damage.
Your hands burn!
The jelly is moderately wounded.
The jelly hits you.
* * * LOW HITPOINT WARNING * * *
The acid corrodes you!
You are splashed with acid!
* * * LOW HITPOINT WARNING * * *
You hit the jelly but do no damage.
Your hands burn!
* * * LOW HITPOINT WARNING * * *
You claw the jelly, but do no damage.
You headbutt the jelly, but do no damage.
The jelly is moderately wounded.
The jelly barely misses you.
You barely miss the jelly. You claw the jelly, but do no damage.
The jelly is moderately wounded.
The jelly hits you.
You die...

.#.......'...#
...........###.######
##..........#
#...#... ...........#
###.#.#. ..........#
#.#.#. # .........#
#.#.#. #.#..#######
#)#.#. #..J..#
###.#.#. #@.##
#.....#. . #...#
#.#.###. #.###..#
#.#.....
#.....(#######.######
#..............#
#.......########
..#......# ..
#.....># . .....#..#


You could see a jelly.

Vanquished Creatures
  A necrophage (D:5)
  2 kobold brigands (Sewer)
  A centaur skeleton (D:4)
  A hound (D:5)
  A bullfrog skeleton (D:4)
  2 iguanas (D:4)
  An orc wizard (D:4)
  4 adders
  3 gnolls (D:2)
  A river rat (Sewer)
  A white imp (D:3)
  2 worms
  3 dart slugs
  6 orcs
  10 endoplasms
  3 giant cockroaches
  9 goblins
  7 hobgoblins
  4 jackals
  11 kobolds
  5 quokkas
  5 ball pythons
  8 bats
  2 frilled lizards (D:1)
  15 rats
108 creatures vanquished.

Notes
Turn   | Place    | Note
-------+----------+-------------------------------------------
     0 | D:1      | kae the Draconian Transmuter began the quest for the Orb.
     0 | D:1      | Reached XP level 1. HP: 16/16 MP: 3/3
   391 | D:1      | Reached XP level 2. HP: 20/23 MP: 3/5
   895 | D:1      | Found a faded altar of an unknown god.
   931 | D:1      | You fall into a shaft and drop 1 floor!
   978 | D:2      | Reached XP level 3. HP: 19/28 MP: 4/6
   982 | D:2      | Learned a level 3 spell: Spider Form
  1456 | D:2      | Reached XP level 4. HP: 15/36 MP: 4/7
  2129 | D:2      | Reached skill level 1 in Poison Magic
  3284 | D:3      | Found a shadowy altar of Dithmenos.
  3420 | D:3      | Found a blossoming altar of Fedhas.
  3473 | D:3      | Reached XP level 5. HP: 41/41 MP: 6/8
  3478 | D:3      | Learned a level 4 spell: Ice Form
  3634 | D:3      | Found a hide-covered altar of Uskayaw.
  3926 | D:3      | Found a radiant altar of Vehumet.
  3927 | D:3      | Found a glowing golden altar of the Shining One.
  3928 | D:3      | Found an opulent altar of Gozag.
  4094 | D:3      | Found Doliuwi's Armour Emporium.
  4520 | D:4      | Reached skill level 1 in Ice Magic
  4541 | D:4      | Found a glowing drain.
  4548 | Sewer    | Entered a sewer
  4555 | Sewer    | Reached XP level 6. HP: 44/48 MP: 9/9
  4859 | Sewer    | Found a white marble altar of Elyvilon.
  5534 | D:5      | Entered Level 5 of the Dungeon
  5635 | D:5      | Your scales start taking on a rich purple colour.
  5635 | D:5      | Reached XP level 7. HP: 47/56 MP: 12/12
  5781 | D:5      | HP: 1/56 [acid (5)]
  5782 | D:5      | Slain by a jelly

Illustrated notes

Levels and vault maps discovered:
D:1:      saegor_arrival_simple_c, layout_loops_ring,
          hellmonk_ecumenical_altar_leap_of_faith, minmay_rat_gold_closets
D:2:      layout_basic, minmay_puff
D:3:      layout_loops_corners, general_overflow_altar, minitemple,
          serial_shops, shop
D:4:      layout_loops_ring, lightli_sewer_entry_pipes
D:5:      layout_basic

Skill      XL: |  1  2  3  4  5  6 |
---------------+-------------------+-----
Dodging        | 2 |  2.8
Poison Magic   | 1 2 |  2.0
Transmutations | 3 4 |  4.1
Fighting       | 2 |  2.6
Unarmed Combat | 4 |  4.7
Ice Magic      | 1 2 |  2.2
Spellcasting   | 3 |  3.6

Action                   |  1- 3 |  4- 6 |  7- 9 || total
-------------------------+-------+-------+-------++-------
Melee: Unarmed           |    82 |   232 |     5 ||   319
       Headbutt          |    11 |    20 |     2 ||    33
       Kick              |     8 |    34 |     3 ||    45
       Punch             |     2 |     2 |       ||     4
       Tailslap          |     5 |    18 |     1 ||    24
 Cast: Beastly Appendage |    21 |    41 |     1 ||    63
       Spider Form       |     2 |     8 |       ||    10
  Use: Scroll            |       |     8 |       ||     8
       Potion            |       |     3 |       ||     3
 Stab: Sleeping          |     3 |     2 |       ||     5
Armor: Skin              |    31 |    76 |       ||   107
Dodge: Dodged            |    58 |   142 |     2 ||   202

Table legend: (Time is in decaauts)
 A = Elapsed time spent in this place.
 B = Non-inter-level travel time spent in this place.
 C = Inter-level travel time spent in this place.
 D = Time resting spent in this place.
 E = Time spent auto-exploring this place.
 F = Levels seen in this place.
 G = Mean time per level.
                   A        B        C        D        E       F      G
               +--------+--------+--------+--------+--------+-----+--------+
         Total |   5811 |   5724 |     87 |    252 |   4343 |   6 |  968.5 |
       Dungeon |   5437 |   5350 |     87 |    212 |   4064 |   5 | 1087.4 |
         Sewer |    374 |    374 |      0 |     40 |    278 |   1 |  374.0 |
               +--------+--------+--------+--------+--------+-----+--------+

Top non-repeatable levels by time:
     D:2: 1709 daAuts
     D:3: 1441 daAuts
     D:1: 1079 daAuts
     D:4: 960 daAuts
   Sewer: 374 daAuts
     D:5: 246 daAuts
